BSA
MADISON BOMBERS @ AUSTIN RIVER SHARKS
07/26/2024
 
TOP OF THE 1ST
Madison Bombers batting - Pitching for Austin River Sharks : RHP José Martínez
Pitching: RHP José Martínez
Batting: LHB Avery Hopkins 0-0: SINGLE (Groundball, 34D)
Batting: RHB Sergio Márquez 0-0: Called Strike
0-1: Ball
1-1: Ball
2-1: Foul Ball, location: 2F
2-2: Ball
Avery Hopkins steals 2nd base
3-2: Foul Ball, location: 2F
3-2: Ground out 5-3 (Groundball, 5)
Batting: LHB Dave Williams 0-0: Ball
1-0: Foul Ball, location: 2F
1-1: Ball
2-1: Called Strike
2-2: Ball
3-2: Base on Balls
Batting: SHB Michael McDonald 0-0: Ball
1-0: Grounds into double play, 3-6-3 (Groundball, 3)
Top of the 1st over - 0 run(s), 1 hit(s), 0 error(s), 1 left on base; Madison 0 - Austin 0
BOTTOM OF THE 1ST
Austin River Sharks batting - Pitching for Madison Bombers : RHP Roberto Reyes
Pitching: RHP Roberto Reyes
Batting: LHB Miguel Pérez 0-0: Ground out 3-1 (Groundball, 34)
Batting: RHB José Balina 0-0: Called Strike
0-1: Swinging Strike
0-2: Ball
1-2: Strikes out swinging
Batting: LHB Roberto García 0-0: Called Strike
0-1: Ball
1-1: Ground out 4-3 (Groundball, 4)
Bottom of the 1st over - 0 run(s), 0 hit(s), 0 error(s), 0 left on base; Madison 0 - Austin 0
TOP OF THE 2ND
Madison Bombers batting - Pitching for Austin River Sharks : RHP José Martínez
Batting: LHB Sixto Cantú 0-0: Ball
1-0: Foul Ball, location: 2F
1-1: Ball
2-1: Ground out 6-3 (Groundball, 6)
Batting: SHB Derek Roach 0-0: Ball
1-0: Called Strike
1-1: DOUBLE (Flyball, 78M)
Batting: LHB José Santos 0-0: Ground out 3-1 (Groundball, 34)
Derek Roach to third
Batting: LHB Keith Tillman 0-0: Ball
1-0: SINGLE (Flyball, 9LM)
Derek Roach scores
Batting: RHB Bailey Ramsey 0-0: Ball
Keith Tillman is caught stealing 2nd base
Top of the 2nd over - 1 run(s), 2 hit(s), 0 error(s), 0 left on base; Madison 1 - Austin 0
BOTTOM OF THE 2ND
Austin River Sharks batting - Pitching for Madison Bombers : RHP Roberto Reyes
Batting: LHB Pedro Zaragoza 0-0: Ball
1-0: Called Strike
1-1: Ball
2-1: Ball
3-1: Fly out, F6 (Line Drive, 6)
Batting: SHB Juan Castro 0-0: Ball
1-0: Fly out, F7 (Popup, 7S)
Batting: RHB Rich Ruffin 0-0: Ball
1-0: Ball
2-0: SINGLE (Groundball, 34D)
Batting: RHB Kenneth Roberts 0-0: Ground out 5-3 (Groundball, 5S)
Bottom of the 2nd over - 0 run(s), 1 hit(s), 0 error(s), 1 left on base; Madison 1 - Austin 0
TOP OF THE 3RD
Madison Bombers batting - Pitching for Austin River Sharks : RHP José Martínez
Batting: RHB Bailey Ramsey 0-0: Ball
1-0: Called Strike
1-1: Ground out 6-3 (Groundball, 6M)
Batting: LHB Avery Hopkins 0-0: Ball
1-0: Ball
2-0: Foul Ball, location: 2F
2-1: Ground out 4-3 (Groundball, 4)
Batting: RHB Sergio Márquez 0-0: Called Strike
0-1: Ball
1-1: Called Strike
1-2: Ball
2-2: Ball
3-2: Strikes out swinging
Top of the 3rd over - 0 run(s), 0 hit(s), 0 error(s), 0 left on base; Madison 1 - Austin 0
BOTTOM OF THE 3RD
Austin River Sharks batting - Pitching for Madison Bombers : RHP Roberto Reyes
Batting: LHB Terry Maloney 0-0: Called Strike
0-1: Swinging Strike
0-2: Ball
1-2: Foul Ball, location: 2F
1-2: Ball
2-2: Foul Ball, location: 2F
2-2: Strikes out swinging
Batting: RHB Hidetada Kichida 0-0: Called Strike
0-1: SINGLE (Flyball, 89M)
Batting: LHB Miguel Pérez 0-0: Ball
1-0: Foul Ball, location: 2F
1-1: Ball
2-1: Swinging Strike
2-2: Ground out 4-3 (Groundball, 4M)
Hidetada Kichida to second
Batting: RHB José Balina 0-0: Ball
1-0: Ball
2-0: SINGLE (Flyball, 9S)
Hidetada Kichida to third
Runner from 3rd tries for Home, SAFE, no throw or cutoff
Batting: LHB Roberto García 0-0: Ground out 5-3 (Groundball, 15S)
Bottom of the 3rd over - 1 run(s), 2 hit(s), 0 error(s), 1 left on base; Madison 1 - Austin 1
TOP OF THE 4TH
Madison Bombers batting - Pitching for Austin River Sharks : RHP José Martínez
Batting: LHB Dave Williams 0-0: Swinging Strike
0-1: Foul Ball, location: 2F
0-2: Ball
1-2: Fly out, F3 (Popup, 34S)
Batting: SHB Michael McDonald 0-0: Foul Ball, location: 2F
0-1: Ball
1-1: Called Strike
1-2: Fly out, F9 (Line Drive, 9M)
Batting: LHB Sixto Cantú 0-0: Called Strike
0-1: Ground out 4-3 (Groundball, 4)
Top of the 4th over - 0 run(s), 0 hit(s), 0 error(s), 0 left on base; Madison 1 - Austin 1
BOTTOM OF THE 4TH
Austin River Sharks batting - Pitching for Madison Bombers : RHP Roberto Reyes
Batting: LHB Pedro Zaragoza 0-0: Called Strike
0-1: Ball
1-1: Ball
2-1: Foul Ball, location: 2F
2-2: Ball
3-2: Ground out 4-3 (Groundball, 4)
Batting: SHB Juan Castro 0-0: SOLO HOME RUN (Flyball, 9LD), Distance : 366 ft
Batting: RHB Rich Ruffin 0-0: Called Strike
0-1: Ball
1-1: Ball
2-1: Ground out 4-3 (Groundball, 4)
Batting: RHB Kenneth Roberts 0-0: Fly out, F7 (Flyball, 78M)
Bottom of the 4th over - 1 run(s), 1 hit(s), 0 error(s), 0 left on base; Madison 1 - Austin 2
TOP OF THE 5TH
Madison Bombers batting - Pitching for Austin River Sharks : RHP José Martínez
Batting: SHB Derek Roach 0-0: Swinging Strike
0-1: Ball
1-1: Called Strike
1-2: SINGLE (Line Drive, 4D)
Batting: LHB José Santos 0-0: Ball
1-0: Called Strike
1-1: Called Strike
1-2: Ball
2-2: Strikes out swinging
Batting: LHB Keith Tillman 0-0: Ball
1-0: Called Strike
1-1: Ball
2-1: Fielders Choice at 2nd, 4-6 (Groundball, 4)
Now at SS: Juan Acevado
Batting: RHB Bailey Ramsey 0-0: Ball
1-0: Ball
Keith Tillman steals 2nd base
2-0: Called Strike
2-1: Swinging Strike
2-2: Foul Ball, location: 2F
2-2: Ball
3-2: Fly out, F4 (Line Drive, 4)
Top of the 5th over - 0 run(s), 1 hit(s), 0 error(s), 1 left on base; Madison 1 - Austin 2
BOTTOM OF THE 5TH
Austin River Sharks batting - Pitching for Madison Bombers : RHP Roberto Reyes
Batting: LHB Terry Maloney 0-0: Ball
1-0: Ball
2-0: Ball
3-0: Called Strike
3-1: Foul Ball, location: 2F
3-2: Foul Ball, location: 2F
3-2: Base on Balls
Batting: SHB Juan Acevado 0-0: Fielders Choice at 2nd, 1-6 (Groundball, 13)
Batting: LHB Miguel Pérez 0-0: Ball
1-0: Grounds into double play, 4-6-3 (Groundball, 34)
Bottom of the 5th over - 0 run(s), 0 hit(s), 0 error(s), 0 left on base; Madison 1 - Austin 2
TOP OF THE 6TH
Madison Bombers batting - Pitching for Austin River Sharks : RHP José Martínez
Batting: LHB Avery Hopkins 0-0: Called Strike
0-1: Ball
1-1: Foul Ball, location: 2F
1-2: Foul Ball, location: 2F
1-2: Strikes out looking
Batting: RHB Sergio Márquez 0-0: Called Strike
0-1: Ground out 6-3 (Groundball, 6)
Batting: LHB Dave Williams 0-0: DOUBLE (Flyball, 89D)
Batting: SHB Michael McDonald 0-0: Ball
1-0: Called Strike
1-1: Ground out 1-3 (Groundball, 34S)
Top of the 6th over - 0 run(s), 1 hit(s), 0 error(s), 1 left on base; Madison 1 - Austin 2
BOTTOM OF THE 6TH
Austin River Sharks batting - Pitching for Madison Bombers : RHP Roberto Reyes
Batting: RHB José Balina 0-0: Foul Ball, location: 2F
0-1: Foul Ball, location: 2F
0-2: Ball
1-2: Foul Ball, location: 2F
1-2: Fly out, F6 (Popup, 6)
Batting: LHB Roberto García 0-0: Called Strike
0-1: Called Strike
0-2: Foul Ball, location: 2F
0-2: Foul Ball, location: 2F
0-2: Foul Ball, location: 2F
0-2: Ball
1-2: Foul Ball, location: 2F
1-2: Fly out, F8 (Flyball, 8LXD)
Batting: LHB Pedro Zaragoza 0-0: Foul Ball, location: 2F
0-1: Ball
1-1: DOUBLE (Line Drive, 7LD)
Batting: SHB Juan Castro 0-0: Called Strike
0-1: Ball
1-1: Ball
2-1: Ball
3-1: Base on Balls
Batting: RHB Rich Ruffin 0-0: Ball
1-0: Swinging Strike
1-1: Called Strike
1-2: Strikes out swinging
Bottom of the 6th over - 0 run(s), 1 hit(s), 0 error(s), 2 left on base; Madison 1 - Austin 2
TOP OF THE 7TH
Madison Bombers batting - Pitching for Austin River Sharks : RHP José Martínez
Batting: LHB Sixto Cantú 0-0: Ground out 6-3 (Groundball, 6)
Batting: SHB Derek Roach 0-0: Fly out, F1 (Popup, 13S)
Batting: LHB José Santos 0-0: SINGLE (Line Drive, 6MD)
Batting: LHB Keith Tillman 0-0: Ball
1-0: Fly out, F7 (Flyball, 7M)
Top of the 7th over - 0 run(s), 1 hit(s), 0 error(s), 1 left on base; Madison 1 - Austin 2
BOTTOM OF THE 7TH
Austin River Sharks batting - Pitching for Madison Bombers : RHP Roberto Reyes
Batting: RHB Kenneth Roberts 0-0: Ball
1-0: Foul Ball, location: 2F
1-1: Ground out 2-3 (Groundball, 13S)
Batting: LHB Terry Maloney 0-0: Fly out, F5 (Popup, 5SF)
Batting: SHB Juan Acevado 0-0: Called Strike
0-1: Swinging Strike
0-2: Strikes out swinging
Bottom of the 7th over - 0 run(s), 0 hit(s), 0 error(s), 0 left on base; Madison 1 - Austin 2
TOP OF THE 8TH
Madison Bombers batting - Pitching for Austin River Sharks : RHP José Martínez
Batting: RHB Bailey Ramsey 0-0: Called Strike
0-1: Ball
1-1: Ball
2-1: Fly out, F9 (Flyball, 9D)
Batting: LHB Avery Hopkins 0-0: Called Strike
0-1: TRIPLE (Flyball, 9LD)
Batting: RHB Sergio Márquez 0-0: Squeeze Bunt - play home, runner OUT, batter safe! 3-2
Batting: LHB Dave Williams 0-0: Foul Ball, location: 2F
0-1: Ground out 3-1 (Groundball, 3)
Top of the 8th over - 0 run(s), 1 hit(s), 0 error(s), 1 left on base; Madison 1 - Austin 2
BOTTOM OF THE 8TH
Austin River Sharks batting - Pitching for Madison Bombers : RHP Roberto Reyes
Pitching: LHP Tim Wilson
Batting: LHB Miguel Pérez 0-0: Foul Ball, location: 2F
0-1: Ball
1-1: Hit by Pitch
Batting: RHB José Balina 0-0: Sac Bunt - play at second, runner OUT! 2-6
Batting: LHB Roberto García 0-0: Ball
1-0: Ball
2-0: Foul Ball, location: 2F
2-1: Ball
3-1: Base on Balls
José Balina to second
Pitching: RHP José Ruíz
Batting: LHB Pedro Zaragoza 0-0: Called Strike
0-1: Ball
1-1: Ball
2-1: Ball
3-1: Fielders Choice at 2nd, 4-6 (Groundball, 34)
José Balina to third
Batting: SHB Juan Castro 0-0: Ball
1-0: SINGLE (Groundball, 56D) (infield hit)
José Balina scores
Pedro Zaragoza to second
Batting: RHB Rich Ruffin 0-0: Ball
1-0: Called Strike
1-1: SINGLE (Line Drive, 56D)
Pedro Zaragoza to third
Juan Castro to second
Batting: RHB Kenneth Roberts 0-0: Ball
1-0: Ground out 4-3 (Groundball, 34)
Bottom of the 8th over - 1 run(s), 2 hit(s), 0 error(s), 3 left on base; Madison 1 - Austin 3
TOP OF THE 9TH
Madison Bombers batting - Pitching for Austin River Sharks : RHP José Martínez
Pitching: LHP Miguel Martínez
Batting: SHB Michael McDonald 0-0: Ball
1-0: Foul Ball, location: 2F
1-1: Foul Ball, location: 2F
1-2: Foul Ball, location: 2F
1-2: Strikes out swinging
Batting: LHB Sixto Cantú 0-0: Fly out, F7 (Line Drive, 7S)
Batting: SHB Derek Roach 0-0: Ball
1-0: Foul Ball, location: 2F
1-1: Ball
2-1: Swinging Strike
2-2: Ball
3-2: Foul Ball, location: 2F
3-2: Foul Ball, location: 2F
3-2: Strikes out swinging
Top of the 9th over - 0 run(s), 0 hit(s), 0 error(s), 0 left on base; Madison 1 - Austin 3
This league is powered by Out of the Park Baseball, the baseball management simulation game for PC, Mac and Linux
Saturday, April 9th, 2016 - OOTP Baseball 16.8 Build 38